Map: Catalyst LE

Players

Scarlett - Winner!

  • Race: Zerg Zerg
  • Spawn Location: 5:00

ArT

  • Race: Protoss Protoss
  • Spawn Location: 11:00

Event: IEM Season 12 - Katowice

VOD

Have the link to the VOD?

Description

Time

  • Played on: Feb. 26, 2018, 10:02 a.m.
  • Length: 22:41

All games in this series

Show
View Real Time Build Order
Export as new Build Order

Scarlett Zerg - Winner!

Build Orders: Hatch First, Lurkers 

Get SALT Encoding   

  12  0:02  Drone  
  13  0:14  Overlord  
  13  0:18  Drone  
  14  0:32  Drone x2  
  16  0:49  Hatchery  
  15  0:52  Drone  
  15  0:56  Drone  
  17  1:00  Drone  
  18  1:09  Extractor  
  17  1:14  Spawning Pool  
  17  1:17  Drone  
  17  1:20  Drone  
  18  1:29  Drone  
  19  1:40  Drone  
  20  1:51  Overlord  
  20  2:01  Queen x2  
  20  2:02  Drone  
  20  2:03  Drone  
  26  2:10  Metabolic Boost  
  26  2:12  Drone  
  26  2:15  Drone  
  28  2:23  Drone  
  28  2:24  Drone  
  30  2:33  Zergling x2  
  31  2:37  Hatchery  
  31  2:41  Zergling x2  
  31  2:44  Overlord  
  31  2:49  Queen  
  33  2:53  Drone  
  33  2:55  Drone  
  35  2:58  Drone  
  36  3:06  Drone x2  
  36  3:09  Drone x2  
  36  3:10  Drone  
  41  3:15  Spore Crawler  
  40  3:20  Overlord  
  40  3:21  Drone  
  40  3:23  Queen  
  43  3:29  Drone  
  44  3:35  Overlord  
  44  3:38  Queen  
  44  3:40  Overlord  
  47  3:41  Drone  
  47  3:47  Overlord  
  47  3:49  Drone x3  
  50  3:56  Drone x4  
  50  3:59  Drone  
  50  4:01  Drone  
  56  4:05  Lair  
  56  4:09  Drone  
  57  4:14  Drone x4  
  57  4:15  Extractor x2  
  59  4:20  Drone x2  
  59  4:22  Overlord  
  60  4:24  Drone  
  60  4:31  Spore Crawler  
  59  4:38  Drone  
  59  4:39  Drone x2  
  59  4:43  Drone x5  
  59  4:45  Evolution Chamber  
  66  4:46  Overlord  
  66  4:50  Spore Crawler  
  66  4:52  Drone  
  66  4:53  Drone x3  
  66  4:55  Extractor  
  66  4:56  Extractor  
  66  4:57  Drone  
  68  5:01  Drone x2  
  68  5:05  Hydralisk Den  
  69  5:12  Drone x2  
  69  5:13  Zerg Missile Weapons Level 1  
  70  5:16  Drone x5  
  70  5:17  Zergling x2  
  70  5:18  Zergling x6  
  79  5:28  Zergling x6  
  82  5:32  Overlord  
  82  5:33  Hatchery  
  81  5:35  Overlord  
  81  5:36  Overlord  
  81  5:44  Zergling x8, Hydralisk x2  
  81  5:47  Overlord x2  
  81  5:48  Muscular Augments  
  88  5:51  Zergling x2, Hydralisk  
  88  5:54  Hydralisk  
  93  5:59  Hydralisk x2  
  97  6:11  Hydralisk x6  
  103  6:21  Hydralisk  
  103  6:22  Hydralisk x3  
  97  6:34  Drone x3  
  97  6:35  Drone x4  
  95  6:46  Drone  
  96  6:47  Drone x8  
  95  7:03  Drone x2  
  95  7:04  Drone x3  
  95  7:07  Hydralisk x3  
  95  7:08  Zerg Missile Weapons Level 2, Lurker Den  
  105  7:11  Overseer  
  105  7:13  Grooved Spines  
  105  7:16  Drone  
  105  7:17  Drone, Extractor  
  105  7:19  Drone  
  107  7:28  Drone x2  
  107  7:29  Hydralisk  
  109  7:30  Hydralisk x3  
  117  7:40  Drone  
  118  7:46  Overseer  
  118  7:53  Overlord x6  
  118  7:55  Drone x9  
  127  7:58  Drone  
  128  8:07  Extractor  
  128  8:09  Extractor, Overlord x4  
  126  8:21  Drone  
  126  8:22  Drone x13  
  140  8:30  Zergling x2  
  139  8:35  Lurker x7  
  146  8:41  Hatchery, Hydralisk x3  
  146  8:44  Hydralisk  
  140  8:56  Hydralisk x6  
  143  9:16  Extractor  
  128  9:17  Extractor  
  113  9:24  Hydralisk x9  
  113  9:25  Hydralisk  
  121  9:38  Drone  
  121  9:39  Drone x6  
  125  9:52  Infestation Pit  
  120  9:54  Zerg Ground Armor Level 1  
  116  10:00  Evolution Chamber  
  116  10:06  Drone  
  116  10:07  Drone x7  
  123  10:13  Pneumatized Carapace  
  123  10:19  Drone  
  123  10:20  Drone  
  123  10:21  Overseer  
  125  10:22  Spine Crawler  
  124  10:29  Hatchery  
  124  10:31  Hive  
  123  10:36  Drone x4  
  127  10:44  Hydralisk x3  
  127  10:45  Hydralisk  
  135  10:56  Hydralisk  
  135  10:57  Hydralisk x5  
  147  11:10  Hydralisk  
  147  11:11  Hydralisk x7  
  163  11:22  Spore Crawler, Drone  
  163  11:23  Drone x5  
  163  11:24  Drone x2, Spine Crawler  
  169  11:35  Zerg Melee Weapons Level 1  
  169  11:43  Lurker x7  
  175  11:47  Drone  
  175  11:48  Drone x11  
  175  11:52  Drone  
  184  11:55  Queen  
  184  11:57  Spine Crawler  
  175  12:03  Hydralisk x3  
  175  12:04  Hydralisk x5  
  155  12:14  Adaptive Talons  
  155  12:15  Zerg Missile Weapons Level 3  
  155  12:17  Lurker x5  
  160  12:30  Spine Crawler  
  160  12:33  Spore Crawler  
  160  12:34  Spine Crawler  
  160  12:36  Drone  
  158  12:37  Drone  
  158  12:38  Drone x2  
  158  12:39  Drone x3  
  158  12:41  Spine Crawler  
  163  12:50  Hydralisk x10  
  163  12:51  Hydralisk  
  185  13:04  Spine Crawler  
  185  13:05  Spine Crawler  
  183  13:06  Spore Crawler  
  183  13:07  Hatchery  
  183  13:10  Spine Crawler  
  183  13:12  Spine Crawler  
  179  13:16  Lurker x5  
  183  13:30  Drone  
  183  13:31  Drone x18  
  183  13:34  Lurker x4  
  200  13:39  Spine Crawler  
  200  13:40  Spine Crawler  
  170  14:07  Zerg Ground Armor Level 2  
  168  14:11  Spire  
  167  14:20  Hatchery  
  166  14:30  Lurker  
  166  14:31  Hydralisk, Lurker x7  
  174  14:32  Hydralisk x10  
  196  14:42  Spire  
  192  14:48  Hydralisk x4  
  192  14:52  Zerg Melee Weapons Level 2  
  200  14:57  Spine Crawler  
  199  15:00  Spine Crawler x2  
  199  15:03  Spine Crawler  
  199  15:07  Hatchery  
  195  15:11  Adrenal Glands  
  192  15:24  Corruptor  
  192  15:25  Corruptor x3, Zerg Flyer Weapons Level 1  
  200  15:28  Spine Crawler  
  200  15:29  Spine Crawler  
  200  15:31  Spore Crawler, Spine Crawler  
  196  15:37  Extractor  
  196  15:42  Corruptor x2  
  197  15:49  Spine Crawler x2  
  197  16:05  Corruptor  
  192  16:49  Corruptor x7  
  192  16:50  Corruptor x2  
  192  16:51  Corruptor x12  
  161  17:03  Overseer  
  158  17:15  Corruptor x3  
  158  17:16  Corruptor x2  
  158  17:21  Zerg Flyer Armor Level 1  
  165  17:33  Hydralisk x2  
  165  17:34  Hydralisk x5  
  154  17:45  Hydralisk x2, Greater Spire  
  154  17:46  Zergling x2  
  159  17:54  Hydralisk x3  
  165  18:01  Overlord  
  165  18:02  Overlord  
  165  18:06  Queen  
  165  18:15  Drone  
  165  18:16  Drone x5  
  167  18:20  Spore Crawler, Spine Crawler  
  167  18:24  Hydralisk x3  
  167  18:25  Hydralisk x2  
  175  18:29  Hydralisk x3  
  179  18:41  Hydralisk x4  
  169  18:57  Lurker x4  
  169  18:58  Zergling x12  
  169  18:59  Overlord x2  
  179  19:03  Drone, Zergling x4  
  179  19:07  Lurker x2  
  179  19:08  Zergling x2  
  162  19:22  Hydralisk  
  162  19:23  Hydralisk x7  
  148  19:31  Overseer  
  137  19:40  Zergling x6  
  137  19:43  Brood Lord x2  
  138  19:49  Brood Lord x4  
  138  19:51  Zergling x12  
  120  20:00  Hydralisk x2  
  120  20:01  Zergling x2  
  111  20:11  Zergling x4  
  112  20:19  Extractor  
  111  20:24  Hatchery  
  111  20:25  Drone  
  111  20:32  Hatchery  
  111  20:34  Hydralisk x3  
  111  20:35  Zergling x2  
  112  20:48  Drone  
  112  20:49  Drone x5  
  118  21:08  Lurker x4  
  118  21:10  Drone x4  
  126  21:29  Lurker x2  
  126  21:30  Zergling x10  
  133  21:50  Hydralisk x3  
  133  21:53  Overseer  
  139  21:55  Drone  
  139  21:56  Drone x2  
  139  21:59  Extractor  
  141  22:10  Drone  
  141  22:11  Drone x2  
  141  22:12  Extractor  
  143  22:16  Lurker  
  143  22:17  Lurker  
  143  22:21  Drone x3  
  143  22:22  Drone x2  
Show
View Real Time Build Order
Export as new Build Order

ArT Protoss 

Build Orders: 1 Gate Expand, Oracle Opening 

Get SALT Encoding   

  12  0:02  Probe  
  13  0:14  Probe  
  13  0:20  Pylon  
  14  0:26  Probe (Chrono Boost)  
  15  0:38  Probe (Chrono Boost)  
  15  0:39  Gateway  
  16  0:46  Probe (Chrono Boost)  
  16  0:49  Assimilator  
  17  0:53  Probe (Chrono Boost)  
  19  1:05  Probe (Chrono Boost)  
  19  1:11  Probe (Chrono Boost)  
  20  1:26  Nexus  
  20  1:35  Cybernetics Core  
  20  1:39  Probe  
  21  1:45  Assimilator  
  21  1:51  Probe  
  22  1:55  Pylon  
  22  2:03  Probe  
  23  2:12  Adept (Chrono Boost)  
  25  2:15  Probe  
  25  2:20  Stargate  
  26  2:26  Warp Gate  
  26  2:28  Probe  
  27  2:35  Adept  
  29  2:38  Probe  
  29  2:42  Probe  
  31  2:50  Probe  
  32  2:54  Probe  
  33  3:01  Void Ray (Chrono Boost)  
  33  3:02  Probe  
  38  3:09  Probe  
  39  3:15  Probe  
  39  3:17  Pylon  
  40  3:21  Probe  
  40  3:27  Probe, Gateway  
  42  3:34  Probe  
  43  3:35  Oracle (Chrono Boost)  
  43  3:39  Probe  
  47  3:42  Pylon  
  47  3:46  Probe  
  48  3:51  Probe  
  49  3:57  Gateway x2  
  49  4:00  Oracle (Chrono Boost)  
  52  4:03  Probe  
  52  4:05  Probe  
  54  4:10  Assimilator  
  54  4:17  Probe  
  54  4:18  Twilight Council  
  54  4:20  Probe  
  56  4:28  Pylon  
  56  4:30  Probe  
  54  4:41  Adept x2  
  58  4:48  Resonating Glaives (Chrono Boost)  
  58  4:54  Nexus  
  58  4:57  Pylon  
  58  5:03  Adept x3  
  58  5:04  Adept  
  58  5:05  Probe x2  
  68  5:13  Pylon  
  68  5:18  Assimilator  
  68  5:23  Adept x2  
  68  5:24  Adept x2  
  68  5:27  Probe x2  
  78  5:39  Shield Battery  
  78  5:46  Robotics Facility  
  78  5:47  Robotics Facility  
  78  5:52  Sentry  
  78  5:53  Zealot  
  78  5:54  Sentry  
  78  5:55  Probe x2  
  86  6:05  Pylon x2  
  86  6:07  Probe  
  87  6:12  Forge  
  87  6:14  Probe  
  88  6:19  Probe  
  85  6:26  Gateway  
  85  6:27  Gateway  
  85  6:28  Sentry x2  
  83  6:35  Immortal (Chrono Boost)  
  83  6:45  Gateway  
  79  6:47  Gateway  
  79  6:48  Probe x3  
  80  6:55  Adept  
  80  6:56  Adept x3  
  80  6:57  Protoss Ground Weapons Level 1 (Chrono Boost)  
  84  7:04  Probe x2  
  84  7:08  Shield Battery  
  90  7:16  Assimilator  
  90  7:17  Immortal (Chrono Boost)  
  90  7:19  Immortal (Chrono Boost)  
  94  7:25  Adept x2  
  98  7:33  Gateway  
  98  7:35  Gateway  
  98  7:38  Adept x2  
  98  7:39  Adept  
  104  7:46  Warp Prism (Chrono Boost)  
  104  7:47  Assimilator  
  104  7:48  Probe x3  
  110  7:51  Observer (Chrono Boost)  
  110  7:53  Sentry  
  110  7:56  Pylon  
  112  7:58  Pylon  
  112  8:03  Adept x2  
  116  8:08  Pylon  
  116  8:15  Pylon  
  116  8:16  Adept x5  
  126  8:26  Adept x3  
  132  8:36  Pylon  
  129  8:43  Adept x6  
  141  8:52  Pylon  
  141  8:54  Oracle (Chrono Boost)  
  121  9:18  Immortal x2 (Chrono Boost)  
  121  9:20  Protoss Ground Weapons Level 2, Charge  
  119  9:25  Sentry  
  119  9:26  Zealot x8  
  107  9:50  Templar Archives  
  103  9:53  Immortal (Chrono Boost)  
  103  9:57  Observer (Chrono Boost)  
  103  9:58  Zealot  
  104  10:01  Nexus  
  104  10:02  Pylon  
  104  10:08  Zealot x4  
  104  10:13  Immortal (Chrono Boost)  
  116  10:23  Oracle  
  116  10:24  Zealot x5  
  129  10:31  High Templar x2  
  129  10:32  Zealot x2  
  129  10:34  Zealot  
  139  10:37  Archon  
  139  10:39  Photon Cannon  
  139  10:41  Shield Battery  
  139  10:49  Immortal (Chrono Boost)  
  139  10:53  Psionic Storm  
  139  10:59  Probe x2, Assimilator  
  139  11:03  Assimilator  
  137  11:05  Zealot x2, High Templar  
  143  11:12  Probe  
  143  11:13  Probe  
  143  11:14  High Templar  
  143  11:18  Probe  
  148  11:20  Pylon  
  148  11:22  Zealot x2  
  148  11:23  Zealot x2  
  156  11:26  High Templar  
  156  11:32  Probe  
  159  11:38  High Templar  
  161  11:43  Immortal x2 (Chrono Boost)  
  161  11:46  Photon Cannon  
  169  11:51  Protoss Ground Weapons Level 3 (Chrono Boost)  
  169  11:53  Probe  
  166  11:58  Pylon  
  146  12:12  High Templar x2  
  146  12:19  Zealot x4  
  146  12:20  Zealot x4  
  162  12:23  Observer (Chrono Boost)  
  167  12:30  Immortal (Chrono Boost)  
  167  12:33  Photon Cannon  
  167  12:39  Dark Shrine  
  167  12:42  Zealot x2  
  171  12:46  Immortal (Chrono Boost)  
  179  13:06  Immortal (Chrono Boost), Nexus  
  179  13:08  Pylon  
  179  13:20  Fleet Beacon  
  179  13:25  Stargate, Warp Prism (Chrono Boost)  
  183  13:29  Stargate  
  177  13:36  Immortal (Chrono Boost)  
  159  13:53  High Templar x2  
  159  13:54  Zealot x4  
  159  13:55  Zealot x4  
  160  14:07  Observer (Chrono Boost)  
  150  14:15  Photon Cannon  
  150  14:16  Pylon, Photon Cannon  
  148  14:17  Probe x2  
  147  14:25  Carrier x2 (Chrono Boost)  
  157  14:39  High Templar x2  
  157  14:40  High Templar x2  
  157  14:43  Carrier (Chrono Boost)  
  157  14:44  Probe  
  164  14:48  Probe  
  164  14:49  Probe  
  172  14:55  Zealot x2  
  176  15:03  Zealot x2  
  180  15:12  Archon  
  180  15:13  Archon  
  180  15:19  Photon Cannon  
  174  15:28  Photon Cannon  
  174  15:31  Probe (Chrono Boost), Protoss Air Weapons Level 1  
  175  15:37  Mothership (Chrono Boost)  
  183  15:45  High Templar x2  
  183  15:49  Assimilator  
  187  15:51  Assimilator  
  184  15:57  Archon  
  184  16:04  Carrier (Chrono Boost)  
  190  16:12  High Templar x2  
  190  16:14  Void Ray (Chrono Boost)  
  190  16:16  Archon  
  188  16:27  Zealot x5  
  188  16:32  Dark Templar  
  154  16:55  Dark Templar  
  154  16:57  Zealot  
  154  17:00  High Templar x2  
  143  17:04  Observer x2 (Chrono Boost)  
  142  17:13  Archon  
  142  17:14  High Templar x2  
  138  17:31  Stalker x3  
  140  17:37  Stalker  
  124  17:50  High Templar x2  
  128  17:56  Archon  
  128  17:57  High Templar  
  122  17:59  High Templar  
  122  18:01  Zealot x6  
  122  18:04  Archon  
  122  18:05  Observer  
  135  18:23  High Templar x2  
  135  18:24  Zealot x3  
  135  18:25  Zealot x3  
  151  18:28  Archon  
  151  18:29  Immortal (Chrono Boost)  
  155  18:37  Immortal (Chrono Boost)  
  135  18:58  High Templar x2  
  135  18:59  High Templar x2  
  135  19:00  Zealot x5  
  153  19:04  Archon  
  122  19:39  Observer (Chrono Boost)  
  122  19:41  Observer (Chrono Boost)  
  123  19:50  Stalker  
  117  19:59  Nexus  
  89  20:01  High Templar x2  
  89  20:02  Zealot x3  
  87  20:13  Nexus  
  79  20:24  High Templar x2  
  79  20:25  Zealot x4  
  79  20:26  Zealot x2  
  95  20:29  Archon  
  94  20:39  Stalker x2  
  96  20:45  Pylon  
  91  21:06  Archon  
  91  21:13  Probe  
  91  21:14  Probe  
  91  21:15  Probe x2, Pylon  
  95  21:24  High Templar  
  97  21:28  Zealot x4, High Templar  
  107  21:40  Stalker x3  
  107  21:45  Stalker  
  115  21:59  Stargate, Stalker x2  
  119  22:02  Observer  
  119  22:10  Observer  
  119  22:18  Stalker x5  
  119  22:19  Stalker  

Tags
 
Add a new tag
Caveats
  • Supply blocks, unpowered buildings, or Contaminate may cause inaccurate times.
  • Supply counts are checked every 10 seconds.